 Dungeon Crawl Stone Soup version 0.25-a0-631-gc915619 (webtiles) character file.

Game seed: 6138728277236512730, levelgen mode: deterministic

216247 MrTaco21 the Slayer (level 19, 0/139 HPs)
             Began as a Gargoyle Fighter on Mar 18, 2020.
             Was the Champion of Qazlal.
             Slain by an emperor scorpion (30 damage)
             ... on level 3 of the Spider Nest.
             The game lasted 01:41:39 (36667 turns).

MrTaco21 the Slayer (Gargoyle Fighter)             Turns: 36667, Time: 01:41:40

Health: 0/139      AC: 53    Str: 32 (33) XL:     19   Next: 5%
Magic:  0/27       EV:  8    Int:  9 (10) God:    Qazlal [******]
Gold:   3133       SH: 22    Dex:  7 (9)  Spells: 18/18 levels left

rFire    . . .     SeeInvis .   y - +8 morningstar "Ubro" {chaos, *Slow rElec rN+ Str+6}
rCold    . . .     Gourm    .   Z - +0 kite shield
rNeg     + + .     Faith    .   I - +10 plate armour {ponderous}
rPois    ∞         Spirit   .   P - +1 helmet
rElec    +         Reflect  .   r - scarf {repulsion}
rCorr    +         Harm     .   X - +2 pair of gloves
MR       +....                  L - +2 pair of boots
Stlth    ..........             W - amulet of regeneration
HPRegen  0.73/turn              N - +3 ring of slaying
MPRegen  0.20/turn              w - ring of resist corrosion

@: protected from physical damage, flying, hasted and slowed, studying Short
Blades, repel missiles, slow
A: big wings, negative energy resistance 1, electricity resistance, unbreathing,
petrification resistance, rot immunity, AC +14
}: 1/15 runes: decaying
a: Stop Flying, Upheaval, Elemental Force, Disaster Area, Renounce Religion


You were on level 3 of the Spider Nest.
You worshipped Qazlal.
Qazlal was exalted by your worship.
You were hungry.

You visited 6 branches of the dungeon, and saw 32 of its levels.
You also visited: Sewer.

You collected 3575 gold pieces.
You spent 442 gold pieces at shops.

Inventory:

Hand Weapons
 y - the +8 morningstar "Ubro" (weapon) {chaos, *Slow rElec rN+ Str+6}
   (You found it on level 15 of the Dungeon)

   Each time it hits an enemy it has a different, random effect.
   It affects your strength (+6).
   It insulates you from electricity.
   It protects you from negative energy.
   It may slow you when you take damage.
Missiles
 n - 123 poisoned darts (quivered)
Armour
 r - a scarf of repulsion (worn)
   (You found it on level 4 of the Swamp)
 I - a +10 plate armour of ponderousness (worn)
   (You took it off an orc warrior on level 2 of the Orcish Mines)
 L - a +2 pair of boots (worn)
   (You found it on level 7 of the Dungeon)
 P - a +1 helmet (worn)
   (You found it on level 8 of the Dungeon)
 X - a +2 pair of gloves (worn)
   (You found it on level 12 of the Dungeon)
 Z - a +0 kite shield (worn)
Jewellery
 w - a ring of resist corrosion (right hand)
   (You found it on level 3 of the Dungeon)
 N - a +3 ring of slaying (left hand)
   (You found it on level 9 of the Dungeon)
 W - an amulet of regeneration (around neck)
   (You found it on level 4 of the Spider Nest)
Wands
 c - a wand of disintegration (90)
   (You found it on level 12 of the Dungeon)
 d - a wand of iceblast (22)
   (You found it on level 2 of the Dungeon)
 o - a wand of enslavement (9)
   (You found it on level 5 of the Lair of Beasts)
 u - a wand of paralysis (32)
   (You found it on level 8 of the Dungeon)
 v - a wand of digging (12)
   (You found it on level 8 of the Dungeon)
 x - a wand of acid (19)
   (You found it on level 11 of the Dungeon)
Scrolls
 a - 2 scrolls of acquirement {unknown}
 b - 3 scrolls of vulnerability {!r}
 f - 3 scrolls of immolation {!r}
 g - 3 scrolls of blinking
 j - 8 scrolls of magic mapping
 k - 12 scrolls of teleportation {@r4}
 m - 8 scrolls of fear
 p - 2 scrolls of silence {unknown}
 A - 12 scrolls of remove curse {@r2}
 D - 11 scrolls of fog
 E - a scroll of holy word
 H - 8 scrolls of amnesia
 M - 6 scrolls of enchant weapon
 O - 6 scrolls of enchant armour
 R - 3 scrolls of brand weapon
 U - 3 scrolls of identify {@r1}
 V - a scroll of torment {unknown}
Potions
 h - 4 potions of resistance
 i - a potion of cancellation {unknown}
 l - a potion of ambrosia {unknown}
 q - 2 potions of might
 s - 5 potions of stabbing
 t - 2 potions of heal wounds {@q2}
 z - 7 potions of haste {@q3}
 B - 11 potions of curing {@q1}
 C - a potion of berserk rage {unknown}
 G - 4 potions of lignification {!q}
 K - 2 potions of brilliance
 S - 4 potions of magic
 Y - 5 potions of mutation {!q}
Books
 Q - a manual of Short Blades {!d}
   (You found it on level 4 of the Spider Nest)
Miscellaneous
 J - a phantom mirror
 T - a box of beasts
Comestibles
 e - 52 rations {!d}


   Skills:
 + Level 21.7 Fighting
 - Level 16.0 Maces & Flails
 + Level 13.4 Armour
 - Level 15.0 Shields
 + Level 10.9 Invocations


You had 18 spell levels left.
You didn't know any spells.
Your spell library contained the following spells:

 Spells                   Type           Power        Failure   Level  Hunger
 Animate Skeleton         Necr           N/A          91%         1    ##.....
 Beastly Appendage        Tmut           #.....       91%         1    ##.....
 Corona                   Hex            #......      91%         1    ##.....
 Magic Dart               Conj           #...         91%         1    ##.....
 Pain                     Necr           #...         91%         1    ##.....
 Shock                    Conj/Air       #...         91%         1    ##.....
 Blink                    Tloc           N/A          97%         2    ###....
 Call Imp                 Summ           #.......     97%         2    ###....
 Poisonous Vapours        Pois/Air       #.....       97%         2    ###....
 Slow                     Hex            #.......     97%         2    ###....
 Sticks to Snakes         Tmut           #.......     97%         2    ###....
 Swiftness                Chrm/Air       #.......     97%         2    ###....
 Confusing Touch          Hex            #.......     100%        3    ####...
 Conjure Flame            Conj/Fire      #.......     100%        3    ####...
 Gell's Gravitas          Tloc           #.........   100%        3    ####...
 Inner Flame              Hex/Fire       #.......     100%        3    ####...
 Mephitic Cloud           Conj/Pois/Air  #.......     100%        3    ####...
 Portal Projectile        Hex/Tloc       #.....       100%        3    ####...
 Spider Form              Tmut/Pois      #.........   100%        3    ####...
 Static Discharge         Conj/Air       #.......     100%        3    ####...
 Vampiric Draining        Necr           #.........   100%        3    ####...
 Airstrike                Air            #.........   100%        4    #####..
 Animate Dead             Necr           N/A          100%        4    #####..
 Cause Fear               Hex            #.........   100%        4    #####..
 Ice Form                 Ice/Tmut       #.......     100%        4    #####..
 Leda's Liquefaction      Hex/Erth       #.........   100%        4    #####..
 Petrify                  Tmut/Erth      #.......     100%        4    #####..
 Agony                    Necr           #.......     100%        5    ######.
 Blade Hands              Tmut           #.........   100%        5    ######.
 Irradiate                Conj/Tmut      #.........   100%        5    ######.
 Lightning Bolt           Conj/Air       #.........   100%        5    ######.
 Metabolic Englaciation   Hex/Ice        #.........   100%        5    ######.
 Silence                  Hex/Air        #.........   100%        5    ######.
 Yara's Violent Unravell  Hex/Tmut       #.........   100%        5    ######.
 Deflect Missiles         Chrm/Air       #.........   100%        6    #######
 Freezing Cloud           Conj/Ice/Air   #.........   100%        6    #######
 Hydra Form               Tmut           #.........   100%        6    #######
 Dragon Form              Tmut           #.........   100%        7    #######
 Ring of Flames           Chrm/Fire      #.........   100%        7    #######
 Discord                  Hex            #.........   100%        8    #######
 Statue Form              Tmut/Erth      Unusable     N/A         6    N/A

Dungeon Overview and Level Annotations

Branches:
Dungeon (15/15)            Temple (1/1) D:4            Lair (6/6) D:8
  Swamp (4/4) Lair:4       Spider (4/4) Lair:4        Slime (0/5) Lair:6
    Orc (2/2) D:9             Elf (0/3) Orc:2        Vaults (0/5) D:14
 Depths (0/5) D:15          Sewer (visited)

Altars:
Ashenzari
Cheibriados
Dithmenos
Elyvilon
Fedhas
Gozag
Hepliaklqana
Kikubaaqudgha
Makhleb
Nemelex Xobeh
Okawaru
Qazlal
Ru
Sif Muna
Trog
Uskayaw
Vehumet
Wu Jian
Xom
Yredelemnul
Zin
The Shining One
Jiyva

Shops:
D:11 *   Orc:2 !?(


Innate Abilities, Weirdness & Mutations

You are resistant to torment.
Your stone body is resilient. (AC +14)
You are immune to poison.
Your large and strong wings let you fly indefinitely.
You resist negative energy. (rN+)
You are resistant to electric shocks. (rElec)
You can survive without breathing.
You are immune to petrification.
You are immune to rotting.


Message History

Something hits you but does no damage.
Something stings you but does no damage.
Something stings you!!
* * * LOW HITPOINT WARNING * * *
Something claws you but does no damage. Something claws you.
* * * LOW HITPOINT WARNING * * *
Something hits you but does no damage. Something hits you but does no damage.
Something stings you but does no damage.
Something stings you!
* * * LOW HITPOINT WARNING * * *
Something claws you.
* * * LOW HITPOINT WARNING * * *
You feel more protected from physical attacks.
Something claws you.
* * * LOW HITPOINT WARNING * * *
Something stings you but does no damage.
You block something's attack. Something claws you but does no damage.
You feel you are being watched by something.
You feel your power leaking away.
Something stings you but does no damage.
Something claws you but does no damage. x2
You feel you are being watched by something.
Something hits you but does no damage. Something hits you but does no damage.
Something stings you but does no damage.
Unknown command.
You feel much better.
Something stings you but does no damage.
Something claws you but does no damage. You block something's attack.
Something hits you but does no damage. Something hits you.
* * * LOW HITPOINT WARNING * * *
You feel clumsy.
Something stings you but does no damage. x2
Something claws you but does no damage. You block something's attack.
You feel yourself speed up. Something hits you but does no damage.
Something hits you but does no damage. Something completely misses you.
Something stings you.
* * * LOW HITPOINT WARNING * * *
Something claws you but does no damage. x2
You feel you are being watched by something.
You feel your power leaking away. You block something's attack. x2
Something stings you but does no damage.
You block something's attack. Something claws you but does no damage.
You block something's attack. Something stings you!!
You die...

...###.###^##...?......#...^...#.
....#...#...####.....####........
...^...<....##^#^....#.###..##...
##^............#...^.....######..
##............^..............###
##......##.............).......
#####.###....☼...............#
### #...○§...†..^..#.....#
#...§@.†>(...###.....#
#..##.{○^#..##^.....##
#...##########......## #####
#..## ##.......# ≈.§§## ##.#
##.....^^## §§..§## ###
#^^...#### .§≈.≈.# ##^....#
..≈...## ##......# §§....≈#
##^......#


There were no monsters in sight!

Vanquished Creatures
  the Lernaean hydra (Swamp:4)
  Jorgrun (D:14)
  Rupert (Lair:5)
  A tentacled monstrosity (Swamp:3)
  3 thorn hunters
  The ghost of waywinkle the Warrior, an adept DrIE of Kikubaaqudgha (Swamp:4)
  Roxanne (D:14)
  4 ghost moths
  4 emperor scorpions
  A stone giant (Orc:2)
  7 entropy weavers
  3 dire elephants
  The ghost of FeloniousTub the Cleaver, a journeyman MiBe of Trog (Spider:1)
  A spark wasp (Spider:4)
  An ettin (Orc:1)
  Josephine (D:14)
  23 hydras
  Erolcha (Orc:1)
  A shambling mangrove (Swamp:1)
  Harold (D:9)
  The ghost of Guweuddu the Fencer, a journeyman MiBe of Trog (D:12)
  A catoblepas (Lair:6)
  A merfolk avatar (Lair:6)
  A ghost crab (Swamp:4)
  A centaur warrior (D:15)
  3 dancing weapons
  6 two-headed ogres
  9 alligators
  A queen ant (Spider:2)
  9 death yaks
  3 orc high priests (Orc:2)
  6 skeletal warriors
  A spriggan druid (Swamp:4)
  A glowing orange brain (Spider:4)
  2 unseen horrors
  12 swamp dragons
  Pikel (D:6)
  A mana viper (shapeshifter) (D:14)
  16 orb spiders
  5 orc knights
  8 ugly things
  A deep elf mage (D:12)
  6 orc sorcerers
  2 manticores
  26 wolf spiders
  7 cyclopes
  22 elephants
  3 moths of wrath
  A salamander (D:15)
  A centaur zombie (D:13)
  5 centaur skeletons
  Maggie (D:7)
  Psyche (D:11)
  19 spiny frogs
  9 komodo dragons
  4 rime drakes
  An efreet (D:15)
  A merfolk (D:9)
  18 demonic crawlers
  A wind drake (shapeshifter) (Swamp:1)
  37 jumping spiders
  3 meliai
  9 trolls
  A wolf spider simulacrum (D:15)
  7 polar bears
  15 tyrant leeches
  A wind drake (Lair:5)
  15 hornets
  Prince Ribbit (D:8)
  10 blink frogs
  A dream sheep (shapeshifter) (D:15)
  A blink frog (shapeshifter) (D:15)
  14 bog bodies
  13 slime creatures
  15 hippogriffs
  A centaur simulacrum (D:14)
  4 spriggans
  80 redbacks
  A shadow (Swamp:1)
  31 tarantellas
  2 water elementals (D:15)
  3 wyverns
  2 basilisks
  4 wraiths (D:14)
  48 yaks
  Eustachio (D:5)
  2 steam dragons
  Grum (D:9)
  15 vampire mosquitoes
  3 wargs
  3 soldier ants (Spider:2)
  10 swamp worms
  12 insubstantial wisps
  Edmund (D:5)
  2 acid dragons
  8 water moccasins
  10 porcupines
  Duvessa (D:5)
  Purgy (D:3)
  4 ice beasts
  10 swamp drakes
  5 sky beasts
  2 black bears
  25 orc warriors
  3 slaves (D:6)
  An eye of draining (Swamp:1)
  A phantom (D:7)
  12 ogres
  7 centaurs
  12 wolves
  A crocodile (shapeshifter) (D:13)
  23 crocodiles
  3 big kobolds
  Blork the orc (D:5)
  23 bullfrogs
  A wyvern skeleton (D:10)
  4 scorpions
  A water moccasin zombie (D:12)
  Dowan (D:5)
  5 killer bees (D:12)
  5 spriggan skeletons (D:12)
  7 wights
  6 howler monkeys
  7 electric eels
  A troll skeleton (D:12)
  5 crimson imps
  2 bullfrog zombies
  2 quasits
  18 orc priests
  5 hounds
  Crazy Yiuf (D:5)
  9 jellies
  4 bullfrog skeletons
  16 orc wizards
  8 iguanas
  14 worker ants
  A killer bee zombie (D:8)
  2 howler monkey skeletons
  10 gnolls
  14 adders
  6 shadow imps
  11 oozes
  2 adder zombies
  3 worms
  A dart slug (D:1)
  12 leopard geckos
  71 orcs
  14 ball pythons
  9 bats
  13 giant cockroaches
  6 hobgoblins
  4 jackals (D:3)
  14 kobolds
  6 quokkas
  15 frilled lizards
  15 goblins
  A leopard gecko skeleton (D:9)
  10 rats
  2 briar patches (Swamp:4)
1162 creatures vanquished.

Vanquished Creatures (collateral kills)
  A redback (Spider:2)
1 creature vanquished.

Vanquished Creatures (others)
  Frances (Spider:1)
  A wolf spider (Spider:2)
  A swamp drake (Swamp:4)
  A gnoll sergeant (D:6)
  4 briar patches
  19 fungi
  11 plants
  2 withered plants (Spider:1)
40 creatures vanquished.

Grand Total: 1203 creatures vanquished

Notes
Turn   | Place    | Note
-------+----------+-------------------------------------------
     0 | D:1      | MrTaco21 the Gargoyle Fighter began the quest for the Orb.
     0 | D:1      | Reached XP level 1. HP: 14/14 MP: 1/1
   163 | D:1      | Reached XP level 2. HP: 18/19 MP: 2/2
   375 | D:1      | Reached XP level 3. HP: 19/23 MP: 3/3
   879 | D:2      | Reached XP level 4. HP: 28/28 MP: 4/4
  1468 | D:3      | Reached skill level 5 in Maces & Flails
  1468 | D:3      | Reached XP level 5. HP: 10/32 MP: 5/5
  2049 | D:3      | Noticed Purgy
  2512 | D:4      | Reached XP level 6. HP: 25/37 MP: 6/6
  2619 | D:4      | Found a bloodstained altar of Trog.
  2638 | D:4      | Found a staircase to the Ecumenical Temple.
  2673 | Temple   | Entered the Ecumenical Temple
  2922 | Temple   | Became a worshipper of Qazlal Stormbringer
  3194 | D:3      | Killed Purgy
  3476 | D:5      | Entered Level 5 of the Dungeon
  3476 | D:5      | Noticed Blork the orc
  3489 | D:5      | Killed Blork the orc
  3686 | D:5      | Noticed Edmund
  3712 | D:5      | Killed Edmund
  3712 | D:5      | Reached XP level 7. HP: 38/41 MP: 7/7
  3749 | D:5      | Found a glowing drain.
  3808 | Sewer    | Entered a sewer
  3925 | Sewer    | Reached * piety under Qazlal
  4114 | Sewer    | Reached ** piety under Qazlal
  4141 | Sewer    | Got a heavy robe
  4245 | D:5      | Noticed Duvessa
  4246 | D:5      | Noticed Dowan
  4325 | D:5      | Killed Dowan
  4325 | D:5      | Reached XP level 8. HP: 45/46 MP: 8/8
  4716 | D:5      | Noticed Eustachio
  4739 | D:5      | Killed Eustachio
  4895 | D:5      | Found a runed translucent door.
  4896 | D:5      | Noticed Crazy Yiuf
  4955 | D:5      | Killed Duvessa
  5016 | D:5      | Killed Crazy Yiuf
  5101 | D:5      | Identified the cursed +1 robe of Qeakof {Stlth+} (You found
                  | it in a sewer)
  5243 | D:6      | Reached skill level 10 in Maces & Flails
  5293 | D:6      | Noticed Pikel
  5339 | D:6      | Killed Pikel
  5352 | D:6      | Reached XP level 9. HP: 47/51 MP: 9/9
  5409 | D:6      | Found a transporter.
  5426 | D:6      | Found a basalt altar of Yredelemnul.
  5788 | D:6      | Found a transporter.
  6059 | D:6      | Reached *** piety under Qazlal
  6248 | D:7      | Noticed Maggie
  6274 | D:7      | Killed Maggie
  6274 | D:7      | Reached skill level 5 in Shields
  6510 | D:7      | Reached XP level 10. HP: 56/56 MP: 10/10
  6672 | D:7      | Found a basalt altar of Yredelemnul.
  6974 | D:8      | Noticed a two-headed ogre
  7140 | D:8      | Found a staircase to the Lair.
  7894 | D:9      | Noticed Harold
  7916 | D:9      | Killed Harold
  7925 | D:9      | Noticed a purple ugly thing
  7971 | D:8      | Killed a purple ugly thing
  8064 | D:9      | Noticed Grum
  8097 | D:9      | Killed Grum
  8140 | D:9      | Reached **** piety under Qazlal
  8475 | D:9      | Reached XP level 11. HP: 57/60 MP: 11/11
  8662 | D:9      | Found a staircase to the Orcish Mines.
  8847 | D:10     | Entered Level 10 of the Dungeon
  8996 | D:10     | Reached skill level 4 in Fighting
  9036 | D:10     | Reached skill level 10 in Shields
  9288 | D:10     | Reached skill level 5 in Fighting
  9825 | D:11     | Noticed a cyclops
  9886 | D:11     | Noticed an eight-headed hydra
  9965 | D:8      | Killed a two-headed ogre
 10128 | Lair:1   | Entered Level 1 of the Lair of Beasts
 10134 | Lair:1   | Noticed Prince Ribbit
 10144 | D:8      | Reached skill level 6 in Fighting
 10408 | D:8      | Killed Prince Ribbit
 10412 | D:8      | Reached ***** piety under Qazlal
 10440 | Lair:1   | Found a gate leading to a gauntlet.
 10441 | Lair:1   | Got a transparent quarterstaff
 10452 | Lair:1   | Reached skill level 7 in Fighting
 10710 | Lair:1   | Reached skill level 8 in Fighting
 10710 | Lair:1   | Reached XP level 12. HP: 73/73 MP: 12/12
 11075 | Lair:2   | Reached skill level 9 in Fighting
 11238 | Lair:2   | Noticed a dire elephant
 11572 | Lair:2   | Reached skill level 10 in Fighting
 11749 | Lair:2   | You fall into a shaft and drop 1 floor!
 11973 | Lair:2   | Killed a dire elephant
 12334 | Lair:3   | Reached skill level 11 in Fighting
 12483 | Lair:3   | Got a transparent scythe
 12507 | Lair:3   | Reached XP level 13. HP: 75/84 MP: 13/13
 13176 | Lair:3   | Identified the +6 scythe of Uskayaw's Anger {speed, SInv}
                  | (You found it on level 3 of the Lair of Beasts)
 13458 | Lair:4   | Found a hole to the Spider Nest.
 13665 | Lair:4   | Reached skill level 12 in Fighting
 13901 | Lair:4   | Found a staircase to the Swamp.
 14373 | Lair:5   | Noticed Rupert
 14407 | Swamp:1  | Entered Level 1 of the Swamp
 14617 | Lair:5   | Reached skill level 15 in Shields
 15006 | Lair:5   | Reached ****** piety under Qazlal
 15006 | Lair:5   | Reached skill level 13 in Fighting
 15232 | Lair:5   | Killed Rupert
 15726 | Lair:6   | Entered Level 6 of the Lair of Beasts
 15748 | Lair:6   | Reached skill level 14 in Fighting
 15904 | Lair:5   | Gained mutation: Your large and strong wings let you fly
                  | indefinitely. [Gargoyle growth]
 15904 | Lair:5   | Reached XP level 14. HP: 96/96 MP: 14/14
 16290 | Lair:6   | Reached skill level 15 in Fighting
 16590 | Lair:6   | Noticed a dire elephant
 16609 | Lair:6   | Killed a dire elephant
 16615 | Lair:6   | Reached skill level 16 in Fighting
 17391 | Lair:6   | Found a staircase to the Slime Pits.
 17392 | Lair:6   | Found a viscous altar of Jiyva.
 17602 | Lair:6   | Got a shimmering robe
 18296 | D:11     | Reached skill level 17 in Fighting
 18326 | D:11     | Noticed Psyche
 18340 | D:11     | Killed Psyche
 18428 | D:11     | Reached skill level 1 in Invocations
 18659 | D:11     | Found Blompucs's Bounteous Boutique.
 18878 | D:12     | Reached XP level 15. HP: 85/107 MP: 15/17
 19011 | D:12     | Reached skill level 5 in Armour
 19477 | D:12     | Found a runed translucent gate.
 19497 | D:12     | Found a runed translucent gate.
 19833 | D:12     | Found a runed translucent gate.
 19834 | D:12     | Noticed Guweuddu's ghost (journeyman MiBe)
 19955 | D:12     | Killed Guweuddu's ghost
 20150 | D:13     | You are sucked into a shaft and drop 2 floors!
 20150 | D:15     | Entered Level 15 of the Dungeon
 20211 | D:14     | Identified Roxanne's Almanac of Shape Shifting
 20211 | D:14     | Noticed Roxanne
 20221 | D:15     | Reached skill level 5 in Invocations
 20663 | D:15     | Found a staircase to the Depths.
 20828 | D:15     | Got a pitted morningstar
 20829 | D:15     | Identified the +8 morningstar "Ubro" {chaos, *Slow rElec
                  | rN+ Str+6} (You found it on level 15 of the Dungeon)
 21329 | D:14     | Noticed Josephine
 21344 | D:14     | Reached skill level 18 in Fighting
 21365 | D:14     | Found a sacrificial altar of Ru.
 21375 | D:14     | Noticed Jorgrun
 22086 | D:14     | Found a shimmering altar of Xom.
 22094 | D:14     | Killed Josephine
 22398 | D:14     | Found a gate to the Vaults.
 22441 | D:14     | Reached XP level 16. HP: 113/116 MP: 20/20
 22512 | D:14     | Killed Jorgrun
 22722 | D:14     | Killed Roxanne
 23499 | Orc:1    | Entered Level 1 of the Orcish Mines
 23518 | Orc:1    | Reached skill level 15 in Maces & Flails
 23532 | Orc:1    | Noticed Erolcha
 23660 | Orc:1    | Killed Erolcha
 23796 | Orc:2    | Entered Level 2 of the Orcish Mines
 24114 | Orc:2    | Found a staircase to the Elven Halls.
 24329 | Orc:2    | Paralysed by an orc sorcerer for 4 turns
 24680 | Orc:2    | Reached skill level 19 in Fighting
 25440 | Orc:2    | Found Mingidghiw's Weapon Shoppe.
 25464 | Orc:2    | Found Tarphaawn's Armour Boutique.
 25470 | Orc:2    | Found Bodeppot's Distillery.
 25472 | Orc:2    | Found Vog Sitt's Magic Scroll Shoppe.
 27128 | Swamp:2  | Noticed a thorn hunter
 27136 | Swamp:2  | Killed a thorn hunter
 27673 | Swamp:3  | Noticed a thorn hunter
 27688 | Swamp:3  | Killed a thorn hunter
 27776 | Swamp:3  | Noticed a tentacled monstrosity
 27921 | Swamp:2  | Reached XP level 17. HP: 110/123 MP: 22/22
 28109 | Swamp:3  | Killed a tentacled monstrosity
 28680 | Swamp:4  | Entered Level 4 of the Swamp
 28980 | Swamp:4  | Reached skill level 20 in Fighting
 29155 | Swamp:4  | HP: 4/124 [thorn hunter/volley of thorns (34)]
 29915 | Swamp:4  | Noticed the 27-headed Lernaean hydra
 29936 | Swamp:4  | Killed the 27-headed Lernaean hydra
 29956 | Swamp:4  | Got a decaying rune of Zot
 29988 | Swamp:4  | Found a runed translucent door.
 29999 | Swamp:4  | Found a shimmering altar of Xom.
 29999 | Swamp:4  | Noticed waywinkle's ghost (adept DrIE)
 30456 | Orc:2    | Bought a potion of heal wounds for 85 gold pieces
 30456 | Orc:2    | Bought a potion of heal wounds for 85 gold pieces
 30461 | Orc:2    | Bought a scroll of immolation for 45 gold pieces
 30461 | Orc:2    | Bought a scroll of holy word for 97 gold pieces
 30771 | Swamp:4  | Killed waywinkle's ghost
 30771 | Swamp:4  | Reached skill level 10 in Armour
 30966 | Spider:1 | Entered Level 1 of the Spider Nest
 31005 | Spider:1 | Noticed Frances
 31209 | Spider:1 | Killed Frances
 31876 | Spider:1 | Found a runed translucent door.
 31876 | Spider:1 | Noticed FeloniousTub's ghost (journeyman MiBe)
 32019 | Spider:1 | Killed FeloniousTub's ghost
 32019 | Spider:1 | Reached skill level 10 in Invocations
 32130 | Spider:1 | Reached XP level 18. HP: 96/131 MP: 25/25
 32964 | Spider:2 | Reached skill level 21 in Fighting
 34337 | Spider:3 | Got an iridescent rapier
 34753 | Orc:2    | Bought a scroll of identify for 26 gold pieces
 34753 | Orc:2    | Bought a scroll of identify for 26 gold pieces
 34753 | Orc:2    | Bought a scroll of identify for 26 gold pieces
 34753 | Orc:2    | Bought a scroll of identify for 26 gold pieces
 34753 | Orc:2    | Bought a scroll of identify for 26 gold pieces
 34753 | Orc:2    | Identified the cursed +1 rapier of Triumph {venom, rElec
                  | rPois Str-2 Stlth+} (You found it on level 3 of the Spider
                  | Nest)
 35265 | Spider:4 | Entered Level 4 of the Spider Nest
 36435 | Spider:4 | Reached XP level 19. HP: 112/139 MP: 15/27
 36667 | Spider:3 | Slain by an emperor scorpion

Levels and vault maps discovered:
D:1:      psy_arrival_radial02, layout_basic
D:2:      layout_rooms, first_ration
D:3:      kennysheep_big_flooded_room, layout_loops_ring, kennysheep_doodads,
          uniq_purgy
D:4:      layout_gridville, minmay_temple_entry_offerings, trog_book
D:5:      layout_cave_pools, portal_sewer_entry_c, uniq_duvessa,
          uniq_crazy_yiuf_cottage, uniq_blork_the_orc, uniq_edmund,
          uniq_eustachio
D:6:      gammafunk_cloud_chamber, layout_loops_cross,
          nicolae_overflow_crystal_walls, uniq_pikel
D:7:      layout_cave_pools, basic_altar, uniq_maggie
D:8:      layout_rooms, lair_entry_dummy
D:9:      layout_long_grid, hiddenorc1_lemuel, hangedman_fish_farm,
          kennysheep_dice, uniq_grum, uniq_harold
D:10:     layout_irregular_city
D:11:     layout_roguey, nicolae_alphabet_shops, minmay_stone_trees_large,
          uniq_psyche
D:12:     layout_long_grid, ebering_ghost_rock_garden, enter_bailey_2,
          hangedman_tell_no_tales
D:13:     layout_roguey
D:14:     minmay_s_stair_smasher, layout_cross, erik_vaults_1,
          nicolae_ru_sacrificial_ziggurat, lemuel_tele_altar, uniq_roxanne,
          uniq_jorgrun, uniq_josephine
D:15:     hangedman_depths_entry_try_elsewhere_first, layout_gridville,
          serial_bayou_ford_a
Temple:   nicolae_temple_the_god_donut
Lair:1:   layout_big_grid, gauntlet_entry_generic, serial_bayou_pond_a,
          minmay_holes, beast_lair_carwin_7, grunt_megastairs_3,
          uniq_prince_ribbit2
Lair:2:   mu_elephants_graveyard, layout_misc_corridors
Lair:3:   layout_cave_pods, fungi_pond_lemuel
Lair:4:   layout_regular_city, palyth_hydra_swamp_entry,
          nicolae_spider_entry_tight_spaces
Lair:5:   layout_big_grid, infiniplex_staircase_pool, grunt_megastairs_4,
          uniq_rupert
Lair:6:   gammafunk_lair_ancient_temple, layout_regular_city, slime_altar_1
Swamp:1:  layout_basic_swamp, hangedman_swamp_ruin_hall
Swamp:2:  layout_falls_marsh, hangedman_swamp_lotus
Swamp:3:  layout_basic_swamp, nicolae_swamp_stair_fork
Swamp:4:  grunt_swamp_rune_castle, layout_basic_swamp, ebering_ghost_xom
Spider:1: layout_spider_delve, gammafunk_ghost_grave, uniq_frances
Spider:2: nicolae_spider_mines_1, nicolae_spider_ant_collections
Spider:3: layout_spider_delve, nicolae_crawler_farm
Spider:4: spider_rune_water
Orc:1:    layout_caves, uniq_erolcha
Orc:2:    st_orc_elflike, layout_caves

Skill      XL: |  1  2  3  4  5  6  7  8  9 10 11 12 13 14 15 16 17 18 |
---------------+-------------------------------------------------------+-----
Maces & Flails | 3 4 5 6 7 9 11 12 13 14 16 | 16.0
Shields        | 5 9 11 13 15 | 15.0
Fighting       | 8 11 14 17 18 19 20 21 | 21.7
Invocations    | 2 5 6 10 | 10.9
Armour         | 4 6 7 10 13 | 13.4

Action                   |  1- 3 |  4- 6 |  7- 9 | 10-12 | 13-15 | 16-18 | 19-21 || total
-------------------------+-------+-------+-------+-------+-------+-------+-------++-------
Melee: Flail             |   129 |   270 |   538 |   691 |  1016 |       |       ||  2644
       Morningstar       |       |       |       |       |   197 |  1348 |    34 ||  1579
Throw: Dart              |       |       |       |     6 |    10 |     3 |       ||    19
Invok: Disaster Area     |       |       |       |       |       |     2 |       ||     2
 Abil: Fly               |       |       |       |       |     1 |       |       ||     1
  Use: Scroll            |       |       |    10 |     6 |     9 |    13 |       ||    38
       Potion            |       |       |       |       |     2 |     4 |     2 ||     8
 Stab: Paralysed         |       |       |       |       |     3 |    16 |       ||    19
       Confused          |       |       |       |       |     1 |     1 |       ||     2
       Held in net/web   |       |       |       |       |       |     1 |       ||     1
       Petrifying        |       |       |       |       |       |     1 |       ||     1
  Eat: Chunk             |       |     8 |    12 |    19 |    18 |    15 |       ||    72
       Ration            |       |       |       |       |     4 |    10 |       ||    14
Armor: Scale mail        |    72 |   204 |   158 |       |       |       |       ||   434
       Ring mail         |       |       |   146 |   220 |    58 |       |       ||   424
       Plate armour      |       |       |       |       |   573 |   967 |   143 ||  1683
Dodge: Dodged            |    53 |    92 |   163 |   168 |   190 |   334 |    21 ||  1021
       Deflected         |       |       |       |       |     9 |    13 |       ||    22
Block: Kite shield       |    81 |   148 |   367 |   509 |  1232 |  1618 |    91 ||  4046

Table legend:
 A = Non-vault XP
 B = Vault XP
 C = Vault XP percentage of total XP
 D = Non-vault monster count
 E = Vault monster count
 F = Vault count percentage of total count
                 A         B        C        D         E       F
            +---------+---------+-------+---------+---------+-------
      Total |  199153 |  121466 |  37.9 |     833 |     328 |  28.3
            +---------+---------+-------+---------+---------+-------
        D:1 |      47 |       0 |   0.0 |      23 |       0 |   0.0
        D:2 |      60 |       0 |   0.0 |      19 |       0 |   0.0
        D:3 |     164 |     137 |  45.5 |      28 |       3 |   9.7
        D:4 |      68 |       0 |   0.0 |       5 |       0 |   0.0
        D:5 |     129 |     708 |  84.6 |       8 |      12 |  60.0
        D:6 |     553 |    1044 |  65.4 |      25 |       4 |  13.8
        D:7 |    1569 |     418 |  21.0 |      21 |       1 |   4.5
        D:8 |    2707 |    1974 |  42.2 |      24 |       6 |  20.0
        D:9 |     920 |    1985 |  68.3 |      23 |      24 |  51.1
       D:10 |    2745 |       0 |   0.0 |      29 |       0 |   0.0
       D:11 |    5328 |     410 |   7.1 |      24 |       1 |   4.0
       D:12 |    8895 |    1292 |  12.7 |      47 |       7 |  13.0
       D:13 |    6568 |    3504 |  34.8 |      37 |       6 |  14.0
       D:14 |    3941 |   10069 |  71.9 |      15 |      15 |  50.0
       D:15 |   12616 |    2442 |  16.2 |      34 |       4 |  10.5
     Lair:1 |    2564 |    2138 |  45.5 |      12 |       6 |  33.3
     Lair:2 |    2366 |    6498 |  73.3 |      16 |      12 |  42.9
     Lair:3 |    4223 |       0 |   0.0 |      22 |       0 |   0.0
     Lair:4 |    6636 |    5060 |  43.3 |      27 |      14 |  34.1
     Lair:5 |   10949 |    6449 |  37.1 |      28 |      11 |  28.2
     Lair:6 |   11050 |    9598 |  46.5 |      34 |      22 |  39.3
    Swamp:1 |   12142 |       0 |   0.0 |      26 |       0 |   0.0
    Swamp:2 |    9821 |       0 |   0.0 |      26 |       0 |   0.0
    Swamp:3 |   14265 |    5443 |  27.6 |      24 |       8 |  25.0
    Swamp:4 |   12143 |   18810 |  60.8 |      23 |      28 |  54.9
   Spider:1 |   12038 |    4141 |  25.6 |      33 |       3 |   8.3
   Spider:2 |   20227 |    8184 |  28.8 |      61 |      23 |  27.4
   Spider:3 |   13416 |    5180 |  27.9 |      30 |      10 |  25.0
   Spider:4 |   12525 |   16245 |  56.5 |      38 |      30 |  44.1
      Orc:1 |    3194 |    2995 |  48.4 |      28 |       5 |  15.2
      Orc:2 |    5284 |    6392 |  54.7 |      43 |      21 |  32.8
      Sewer |       0 |     350 | 100.0 |       0 |      52 | 100.0
            +---------+---------+-------+---------+---------+-------
